Map: Oxide LE

Players

Demi

  • Race: Zerg Zerg

TeebuL - Winner!

  • Race: Protoss Protoss

Event: DreamHack SC2 Masters 2021 Fall

VOD

Have the link to the VOD?

Description

Time

  • Played on: July 28, 2021, 6:36 a.m.
  • Length: 6:02

All games in this series

Show
View Real Time Build Order
Export as new Build Order

Demi Zerg 

Build Orders: Hatch First 

Get SALT Encoding   

  12  0:00  Drone  
  13  0:12  Overlord  
  13  0:16  Drone  
  14  0:30  Drone x2  
  16  0:48  Hatchery  
  15  0:52  Drone  
  15  0:54  Drone  
  17  0:58  Drone  
  18  1:08  Extractor  
  17  1:13  Spawning Pool  
  17  1:16  Drone  
  17  1:20  Drone  
  18  1:28  Drone  
  19  1:38  Drone  
  20  1:49  Overlord  
  20  2:00  Queen x2  
  20  2:01  Zergling x2, Drone  
  26  2:10  Metabolic Boost  
  26  2:11  Drone x2  
  28  2:21  Drone  
  30  2:22  Drone  
  30  2:35  Hatchery  
  29  2:39  Zergling x2  
  31  2:44  Drone  
  31  2:47  Queen  
  31  2:51  Overlord  
  33  2:55  Drone  
  34  3:05  Drone x2  
  36  3:10  Queen  
  36  3:11  Drone x2  
  36  3:12  Drone  
  41  3:15  Overlord  
  41  3:25  Queen  
  41  3:26  Overlord  
  43  3:30  Drone x2  
  43  3:33  Drone x2  
  45  3:37  Overlord  
  45  3:43  Overlord  
  45  3:45  Spore Crawler  
  45  3:46  Drone  
  45  3:54  Zergling x2  
  45  3:55  Zergling x2  
  46  3:57  Drone x2  
  46  3:58  Spore Crawler  
  46  4:01  Drone x2  
  49  4:05  Drone x2  
  49  4:09  Overlord  
  51  4:12  Drone  
  51  4:13  Drone  
  51  4:16  Queen  
  55  4:25  Drone x4  
  55  4:29  Lair  
  59  4:35  Drone  
  59  4:37  Drone  
  59  4:38  Drone x3  
  64  4:40  Extractor  
  64  4:44  Drone  
  64  4:46  Drone x4  
  68  4:52  Roach Warren  
  68  4:58  Drone x2  
  68  4:59  Drone x4  
  73  5:01  Queen  
  74  5:07  Extractor  
  74  5:08  Extractor, Overlord  
  74  5:10  Extractor  
  74  5:11  Extractor  
  74  5:13  Drone x2  
  74  5:14  Drone x3  
  75  5:20  Drone x5  
  80  5:26  Overlord  
  80  5:31  Overseer  
  80  5:32  Overseer  
  80  5:37  Drone  
  80  5:44  Evolution Chamber  
  80  5:46  Evolution Chamber  
Show
View Real Time Build Order
Export as new Build Order

TeebuL Protoss - Winner!

Build Orders: 1 Gate Expand 

Get SALT Encoding   

  12  0:00  Probe  
  13  0:12  Probe  
  14  0:20  Pylon  
  14  0:24  Probe (Chrono Boost)  
  15  0:40  Probe (Chrono Boost)  
  15  0:41  Gateway  
  16  0:45  Probe (Chrono Boost)  
  17  0:51  Assimilator  
  17  0:55  Probe  
  18  1:07  Probe  
  19  1:19  Probe  
  20  1:27  Nexus  
  20  1:36  Cybernetics Core  
  20  1:39  Probe  
  21  1:44  Assimilator  
  21  1:51  Probe  
  22  1:56  Pylon  
  22  2:03  Probe  
  23  2:12  Adept (Chrono Boost)  
  23  2:15  Probe  
  26  2:23  Stargate  
  26  2:27  Probe  
  27  2:31  Adept (Chrono Boost)  
  29  2:39  Probe  
  29  2:40  Probe  
  29  2:41  Warp Gate  
  31  2:51  Probe  
  31  2:53  Probe  
  31  2:57  Void Ray (Chrono Boost)  
  33  3:03  Probe  
  34  3:09  Gateway, Probe  
  39  3:15  Probe  
  40  3:21  Probe  
  40  3:22  Pylon  
  41  3:27  Probe  
  40  3:36  Probe  
  41  3:42  Twilight Council  
  41  3:43  Adept  
  43  3:50  Gateway  
  43  3:52  Gateway  
  43  3:55  Pylon, Gateway  
  43  4:13  Charge (Chrono Boost)  
  43  4:15  Nexus  
  43  4:16  Pylon  
  43  4:22  Gateway  
  43  4:28  Gateway  
  43  4:33  Gateway  
  43  4:42  Sentry  
  45  4:48  Zealot  
  45  4:49  Zealot  
  49  4:53  Pylon  
  49  4:59  Zealot  
  51  5:00  Zealot  
  53  5:09  Zealot x3  
  59  5:18  Zealot  
  61  5:23  Zealot x3  
  67  5:28  Zealot  
  67  5:30  Zealot x3  
  75  5:37  Zealot  
  75  5:39  Zealot  

Tags
 
Add a new tag
Caveats
  • Supply blocks, unpowered buildings, or Contaminate may cause inaccurate times.
  • Supply counts are checked every 10 seconds.